Map: Prion Terraces

Players

LilDicky - Winner!

  • Race: Terran Terran
  • League: Diamond

JDP

  • Race: Zerg Zerg
  • League: Diamond

VOD

http://www.twitch.tv/tumescentpie

Description

Time

  • Played on: Nov. 23, 2015, 12:50 p.m.
  • Length: 11:21
Show
View Real Time Build Order
Export as new Build Order

LilDicky Terran - Winner!

Build Orders: Reaper Expand, MMM Bio 

Get SALT Encoding   

  12  0:01  SCV  
  13  0:13  SCV  
  14  0:18  Supply Depot  
  14  0:25  SCV  
  15  0:36  Refinery  
  15  0:39  SCV  
  16  0:45  Barracks  
  16  0:51  SCV  
  17  1:06  SCV  
  19  1:18  SCV  
  19  1:31  Orbital Command  
  19  1:33  Reaper  
  20  1:45  Command Center  
  20  1:56  Supply Depot  
  20  2:00  SCV  
  21  2:03  Refinery  
  21  2:05  Reaper  
  22  2:15  SCV  
  22  2:20  Factory  
  23  2:36  SCV  
  24  2:52  SCV  
  24  2:57  Orbital Command  
  25  3:00  Barracks Reactor  
  25  3:04  SCV  
  25  3:16  SCV  
  25  3:25  SCV  
  26  3:28  SCV  
  26  3:30  Starport  
  27  3:40  SCV x2  
  29  3:41  Barracks Reactor  
  29  3:43  Refinery x2  
  29  3:44  Hellion x2  
  33  3:52  SCV x2  
  35  4:04  SCV x2  
  35  4:05  Hellion x2  
  35  4:09  Liberator  
  41  4:15  Liberator  
  41  4:16  SCV  
  42  4:29  Supply Depot  
  42  4:31  Barracks Tech Lab  
  48  4:41  Supply Depot  
  48  4:45  Hellion x2  
  52  4:50  Marine  
  52  4:51  Stimpack  
  52  4:52  SCV  
  54  4:59  SCV, Barracks x3  
  55  5:00  Engineering Bay x2  
  55  5:04  SCV  
  55  5:06  Liberator x2  
  54  5:23  Hellion x2  
  62  5:44  Hellion  
  62  5:49  Liberator x2  
  66  6:14  Hellion x2  
  61  6:32  Barracks Reactor, Liberator x2  
  57  6:33  Barracks Tech Lab  
  57  6:34  Barracks Tech Lab  
  57  6:35  Hellion  
  57  6:36  Command Center  
  57  6:38  SCV  
  59  6:44  Hellion  
  59  6:45  SCV  
  62  6:47  Terran Infantry Weapons Level 1  
  62  6:49  Terran Infantry Armor Level 1  
  62  6:51  SCV  
  69  6:59  SCV  
  70  7:09  Supply Depot  
  70  7:10  Supply Depot  
  70  7:17  Marauder  
  70  7:18  Marauder  
  70  7:31  SCV x2, Marauder  
  70  7:35  Marine, Medivac x2  
  70  7:36  Marine  
  80  7:38  Marine  
  80  7:40  Marauder  
  80  7:43  SCV x2  
  85  7:50  Supply Depot  
  85  7:52  Supply Depot, Marauder  
  85  7:53  Marine x2  
  85  7:54  Concussive Shells  
  85  7:55  Armory, Combat Shields  
  85  7:56  Marauder  
  88  8:01  Marauder  
  90  8:11  Marine x2  
  87  8:13  Marine  
  87  8:17  Marine  
  86  8:22  Marine  
  84  8:29  Marine x2  
  84  8:31  Marine  
  87  8:35  Marauder  
  87  8:40  Marauder  
  91  8:44  Medivac x2  
  91  8:46  Widow Mine x2  
  91  8:47  Marine x2  
  101  8:49  Marauder  
  103  8:56  Marine  
  103  9:01  Marine  
  105  9:05  Marine x2  
  107  9:11  Marauder  
  107  9:14  Marauder, Medivac  
  113  9:19  Marine  
  113  9:22  Marine x2  
  108  9:32  Marauder  
  108  9:36  Marauder  
  108  9:37  Marine  
  105  9:40  Marine x2  
  104  9:54  Marauder  
  104  9:55  Marine  
  104  9:57  Marine  
  104  9:58  Marine x2  
  104  10:12  Marine  
  105  10:14  Marine  
  105  10:15  Marauder  
  105  10:16  Marine x2  
  110  10:31  Marauder  
  110  10:33  Marauder  
  110  10:34  Marine x2  
  116  10:43  Planetary Fortress  
  116  10:49  Barracks  
  116  10:51  Marine  
  116  10:54  Command Center  
  116  10:57  Barracks x2  
  117  10:58  Barracks  
Show
View Real Time Build Order
Export as new Build Order

JDP Zerg 

Build Orders: Hatch First 

Get SALT Encoding   

  12  0:00  Drone  
  13  0:08  Drone  
  14  0:17  Overlord  
  14  0:25  Overlord  
  14  0:36  Drone  
  14  0:39  Drone  
  16  0:44  Drone  
  17  1:02  Hatchery  
  16  1:05  Drone  
  16  1:07  Drone  
  18  1:21  Drone  
  18  1:25  Spawning Pool  
  18  1:26  Extractor  
  18  1:27  Drone  
  18  1:48  Hatchery  
  18  1:51  Drone  
  18  1:54  Drone  
  19  1:58  Drone  
  20  2:14  Queen  
  20  2:15  Drone x2  
  24  2:24  Queen  
  26  2:32  Drone x2  
  28  2:37  Zergling x4  
  28  2:40  Extractor  
  29  2:45  Extractor  
  29  2:48  Spore Crawler  
  29  3:22  Drone  
  29  3:23  Drone x8  
  29  3:26  Queen  
  40  3:32  Extractor  
  39  3:36  Drone  
  39  3:37  Drone  
  41  3:47  Overlord x2  
  41  3:59  Overlord x2  
  41  4:04  Lair, Roach Warren  
  40  4:11  Evolution Chamber  
  40  4:13  Evolution Chamber  
  40  4:14  Drone x6  
  40  4:15  Drone x2  
  46  4:18  Drone x3  
  46  4:21  Drone  
  50  4:30  Drone x4  
  54  4:37  Zerg Missile Weapons Level 1  
  54  4:39  Zerg Ground Armor Level 1  
  54  4:45  Drone x4  
  58  4:52  Extractor  
  57  4:54  Extractor  
  57  4:56  Extractor  
  57  4:57  Extractor  
  57  4:59  Roach x8  
  70  5:02  Roach  
  66  5:25  Drone  
  66  5:26  Drone x7  
  72  5:42  Ravager x2  
  67  5:59  Ravager x3  
  54  6:29  Roach x6  
  54  6:31  Zergling x2  
  68  6:32  Drone  
  68  6:33  Drone x6  
  68  6:39  Overlord  
  74  6:57  Queen  
  76  7:06  Hatchery  
  75  7:10  Roach  
  75  7:11  Roach x2  
  75  7:12  Ravager  
  63  7:38  Ravager  
  63  7:39  Ravager x3  
  64  8:27  Drone x6  
  64  8:29  Roach  
  64  8:30  Roach x4  
  64  8:31  Roach x4  
  88  8:36  Overlord  
  88  8:37  Overlord x8  
  88  8:54  Ravager x2  
  88  8:55  Ravager x2  
  92  9:18  Drone x12  
  92  9:24  Hydralisk Den  
  87  9:39  Roach  
  87  9:40  Roach x3  
Tags
 
Add a new tag
Caveats
  • Supply blocks, unpowered buildings, or Contaminate may cause inaccurate times.
  • Supply counts are checked every 10 seconds.